 Dungeon Crawl Stone Soup version 0.19.4-8-ga85b6b9 (webtiles) character file.

72 Gargoyl the Skirmisher (level 4, 0/39 (40) HPs)
             Began as a Ghoul Abyssal Knight on Feb 9, 2017.
             Was a Believer of Lugonu.
             Slain by an ogre
             ... wielding a cursed -2 giant club
              (16 damage)
             ... on level 3 of the Dungeon.
             The game lasted 00:02:21 (1304 turns).

Gargoyl the Skirmisher (Ghoul Abyssal Knight)       Turns: 1304, Time: 00:02:22

HP:   0/39 (40)     AC:  6    Str: 15    XL:     4   Next: 26%
MP:   4/4           EV: 11    Int:  7    God:    Lugonu [**....]
Gold: 179           SH:  0    Dex:  9    Spells: 0 memorised, 3 levels left

rFire  . . .     SeeInvis .     a - +1 hand axe
rCold  + . .     Gourm    .     d - +3 leather armour
rNeg   + + +     Faith    .     (no shield)
rPois  ∞         Spirit   .     (no helmet)
rElec  .         Reflect  .     (no cloak)
rCorr  .         Harm     .     (no gloves)
MR     .....                    (no boots)
Stlth  +.........               (no amulet)
                                (no ring)
                                (no ring)

@: rotting
A: rotting body, claws 1, carnivore 3, cold resistance 1, negative energy
resistance 3, slow regeneration 1, torment resistance, unbreathing
a: Depart the Abyss, Bend Space, Renounce Religion


You were on level 3 of the Dungeon.
You worshipped Lugonu.
Lugonu was pleased with you.
You were not hungry.

You visited 1 branch of the dungeon, and saw 3 of its levels.
You visited the Abyss 1 time.

You collected 179 gold pieces.

Inventory:

Hand Weapons
 a - a +1 hand axe (weapon)
Armour
 b - a +0 leather armour
 d - a +3 leather armour (worn)
Scrolls
 f - a scroll of identify {unknown}
 h - a scroll of magic mapping {unknown}
Potions
 e - a potion of lignification {unknown}
 g - a potion of beneficial mutation {unknown}
 i - a potion of mutation {unknown}
Comestibles
 c - 2 meat rations


   Skills:
 + Level 4.0 Fighting
 + Level 2.8 Axes
 * Level 2.2 Armour
 + Level 1.2 Dodging
 * Level 2.3 Invocations


You had 3 spell levels left.
You didn't know any spells.

Dungeon Overview and Level Annotations

Branches:
Dungeon (2/15)

Altars:


Innate Abilities, Weirdness & Mutations

Your body is rotting away.
You thrive on raw meat.
You are immune to poison.
You have sharp fingernails.
You are carnivorous and can eat meat at any time.
Your flesh is cold resistant. (rC+)
You are immune to negative energy. (rN+++)
You regenerate slowly when monsters are visible.
You are immune to unholy pain and torment.
You can survive without breathing.


Message History

The ogre shouts!
The rat barely misses you.
You barely miss the rat. The rat misses you.
You hit the rat.
You kill the rat!
Lugonu accepts your kill.
A leopard gecko comes into view.
The leopard gecko hisses angrily.
The ogre barely misses you.
The leopard gecko moves out of view.
You hit the ogre.
The ogre is lightly wounded.
The ogre closely misses you.
You hit the ogre.
The ogre is moderately wounded.
The ogre hits you with a giant club!!
Ouch! That really hurt!
You hit the ogre but do no damage.
The ogre is moderately wounded.
The ogre hits you with a giant club!
You die...

........#
#.......#
#........
......$.##### #
......... .##.#
.......##....#..
#.....Ol.....
#...@#
#..#........
#..#####....
#..## ... ##..#
...#. #..# ....
### ##..## #..#
#...##....# ...
# ..........##.#
..


You could see an ogre and a leopard gecko.

Vanquished Creatures
  3 adders (D:2)
  A worm (D:2)
  2 dart slugs
  A giant cockroach (D:1)
  6 hobgoblins
  2 jackals (D:2)
  2 ball pythons (D:2)
  6 bats
  5 goblins
  8 kobolds
  6 rats
42 creatures vanquished.

Notes
Turn   | Place    | Note
-------+----------+-------------------------------------------
     0 | Abyss:1  | Gargoyl the Ghoul Abyssal Knight began the quest for the Orb.
     0 | Abyss:1  | Reached XP level 1. HP: 19/19 MP: 1/1
   113 | Abyss:2  | Noticed a blink frog
   113 | D:1      | Escaped the Abyss
   205 | D:1      | Reached * piety under Lugonu
   209 | D:1      | Reached XP level 2. HP: 25/26 MP: 2/2
   399 | D:1      | Reached skill level 1 in Dodging
   710 | D:2      | Reached XP level 3. HP: 27/33 MP: 3/3
   854 | D:2      | Reached skill level 4 in Fighting
  1031 | D:2      | Reached XP level 4. HP: 7/40 MP: 4/4
  1096 | D:2      | Reached ** piety under Lugonu
  1271 | D:2      | You fall through a shaft!
  1297 | D:3      | Noticed an ogre
  1304 | D:3      | Slain by an ogre

Skill      XL: |  1  2  3 |
---------------+----------+-----
Axes           | 2 |  2.8
Armour         | 2 |  2.2
Dodging        | 1 |  1.2
Fighting       | 4 |  4.0
Invocations    | |  2.3

Action                   |  1- 3 |  4- 6 || total
-------------------------+-------+-------++-------
Melee: Hand axe          |   119 |    40 ||   159
Invok: Depart the Abyss  |     1 |       ||     1
  Eat: Chunk             |     5 |     7 ||    12
Armor: Leather armour    |    69 |     8 ||    77
Dodge: Dodged            |    99 |    31 ||   130
